 Dungeon Crawl Stone Soup version 0.31-a0-983-g7b6862f502 (webtiles) character file.

Game seed: 16019660460327236183

76 lunkers the Insei (level 3, -3/27 HPs)
             Began as a Demigod Shapeshifter on Nov 2, 2023.
             Slain by an ogre
             ... wielding a +0 giant club
              (22 damage)
             ... on level 4 of the Dungeon.
             The game lasted 00:02:35 (1560 turns).

lunkers the Insei (Demigod Shapeshifter)            Turns: 1560, Time: 00:02:36

Health: -3/27      AC:  6    Str: 15    XL:     3   Next: 89%
Magic:  5/5        EV: 14    Int: 12    God:
Gold:   102        SH:  0    Dex: 17    Spells: 2/2 levels left

rFire   + .          .
                       - Unarmed
rCold   . . .        (no shield)
rNeg    . . .        o - +0 scale mail
rPois   .            (helmet currently unavailable)
rElec   .            (cloak currently unavailable)
rCorr   .            (gloves currently unavailable)
SInv    .            (boots currently unavailable)
Will    .....        (no amulet) Stlth
                     i - +5 ring of evasion
HPRegen 0.24/turn    t - ring of protection from fire
MPRegen 0.09/turn

%: no passive effects
@: beast-form
A: beast (slay +1), high MP 1, forlorn, divine attributes
a: Begin Untransformation


You were on level 4 of the Dungeon.
You were a hulking beast.
You visited 1 branch of the dungeon, and saw 4 of its levels.

You collected 102 gold pieces.

Inventory:

Armour
 a - a +0 animal skin
 o - a +0 scale mail (worn)
 p - a +0 ring mail
Jewellery
 i - a +5 ring of evasion (left hand)
 t - a ring of protection from fire (right hand)
Talismans
 c - a beast talisman
 d - a flux talisman
Scrolls
 f - 5 scrolls of identify {unknown}
 g - a scroll of acquirement {unknown}
 l - a scroll of immolation {unknown}
 m - a scroll of poison {unknown}
 n - 2 scrolls of enchant weapon {unknown}
 q - a scroll of vulnerability {unknown}
 r - 2 scrolls of fear {unknown}
 s - a scroll of revelation {unknown}
Potions
 b - 3 potions of lignification
 e - a potion of might {unknown}
 h - a potion of haste {unknown}
 j - a potion of heal wounds {unknown}
 k - a potion of resistance {unknown}


   Skills:
 - Level 0.8 Fighting
 - Level 1.7 Dodging
 * Level 4.0 Unarmed Combat
 + Level 3.3 Shapeshifting


You had 2 spell levels left.
You didn't know any spells.
Your spell library was empty.

Dungeon Overview and Level Annotations

Branches:
Dungeon (4/15)
 Temple: D:4-7


Innate Abilities, Weirdness & Mutations

You are a hulking beast.
Your limbs bulge with bestial killing power. (Slay +1)
You have an increased reservoir of magic. (+10% MP)
You shall have no god before yourself.
Your divine heritage dramatically boosts your attributes as you level up.


Message History

You barely miss the giant cockroach.
The giant cockroach is almost dead.
The giant cockroach barely misses you.
You barely miss the giant cockroach.
The giant cockroach is almost dead.
The giant cockroach bites you but does no damage.
You hit the giant cockroach.
You kill the giant cockroach!
No target in view!
No target in view!
Found a stone staircase leading down.
No target in view!
No target in view!
t - a ring of protection from fire
t - a ring of protection from fire (right hand)
There is a stone staircase leading down here.
You climb downwards.
There is a stone staircase leading up here.
A hobgoblin comes into view.
The hobgoblin shouts!
You hit the hobgoblin.
The hobgoblin is moderately wounded.
A hobgoblin is nearby!
You hit the hobgoblin.
You kill the hobgoblin!
No target in view!
Found a stone staircase leading up.
No target in view!
An ogre comes into view. It is wielding a +0 giant club.
The ogre closely misses you.
You hit the ogre.
The ogre is lightly wounded.
The ogre hits you with a +0 giant club!
You hit the ogre.
The ogre is moderately wounded.
You hit the ogre.
The ogre is moderately wounded.
The ogre hits you with a +0 giant club!!
Ouch! That really hurt!
You die...

..# ##. #.# #..
#.# #..###.#
#....#.# #.<..#.#
#..#.############
#...............#
##h#.##########.#
#..O.#.# #.#
######.# #.# ...
#.### #.. #....
#... ##### #...
#####


You could see an ogre.

Vanquished Creatures
  An adder (D:2)
  2 worms (D:2)
  A dart slug (D:3)
  2 orcs (D:3)
  4 bats
  8 endoplasms
  5 giant cockroaches
  4 goblins
  5 hobgoblins
  A jackal (D:1)
  2 quokkas
  5 ball pythons
  3 frilled lizards
  4 kobolds
  5 rats
52 creatures vanquished.

Notes
Turn   | Place    | Note
-------+----------+-------------------------------------------
     0 | D:1      | lunkers the Demigod Shapeshifter began the quest for the
                  | Orb.
     0 | D:1      | Reached XP level 1. HP: 15/15 MP: 3/3
   251 | D:1      | Reached skill level 3 in Unarmed Combat
   352 | D:1      | Reached XP level 2. HP: 22/22 MP: 4/4
   888 | D:2      | Reached XP level 3. HP: 27/27 MP: 5/5
  1289 | D:3      | Reached skill level 4 in Unarmed Combat
  1342 | D:3      | Noticed Sigmund
  1556 | D:4      | Noticed an ogre
  1560 | D:4      | Slain by an ogre

Illustrated notes

Levels and vault maps discovered:
D:1:      dpeg_arrival_radiant, layout_rooms, minmay_pentomino_o4
D:2:      minmay_diamond_boxcup, layout_rooms, kennysheep_generic_room_14
D:3:      layout_rooms, uniq_sigmund
D:4:      layout_basic, uniq_robin

Skill      XL: |  1  2  3 |
---------------+----------+-----
Unarmed Combat | 3 4 |  4.0
Shapeshifting  | 3 |  3.3
Fighting       | |  0.8
Dodging        | |  1.7

Action                     || total
---------------------------++-------
  Melee: Unarmed           ||   175
         Punch             ||     6
 Armour: Animal skin       ||    23
         Scale mail        ||    30
  Dodge: Dodged            ||   123

Table legend: (Time is in decaauts)
 A = Elapsed time spent in this place.
 B = Non-inter-level travel time spent in this place.
 C = Inter-level travel time spent in this place.
 D = Time resting spent in this place.
 E = Time spent auto-exploring this place.
 F = Levels seen in this place.
 G = Mean time per level.
                   A        B        C        D        E       F      G
               +--------+--------+--------+--------+--------+-----+--------+
         Total |   1546 |   1527 |     19 |      0 |   1157 |   4 |  386.5 |
       Dungeon |   1546 |   1527 |     19 |      0 |   1157 |   4 |  386.5 |
               +--------+--------+--------+--------+--------+-----+--------+

Top non-repeatable levels by time:
     D:2: 620 daAuts
     D:1: 481 daAuts
     D:3: 393 daAuts
     D:4: 51 daAuts
